 BcadrenCrawl: Boulder Brew version 0.03.2.1-81-ged071578a9 (webtiles) character file.

Game seed: 9020377932400231707, levelgen mode: deterministic

2282879 esc the Merry Octopus (level 27, 212/212 HPs) Octopode Noble. Began on Feb 16, 2021. Escaped with the Orb ... and 3 runes on Feb 18, 2021! The game lasted 02:19:39 (41956 turns).

esc the Merry Octopus (Octopode Noble)             Turns: 41956, Time: 02:19:40

Health: 212/212    AC: 20    Str: 19    XL:     27
Magic:  29/29      EV: 36    Int:  8    God:
Gold:   5329       SH: 41    Dex: 33    Spells: 28/28 levels left

rFire    + . .     Vision   .   b - +9 longbow (freeze)
rCold    . . .     Gourm    .   c - +13 scutum {AC+3}
rNeg     + + .     Faith    .   l - +1 hat of Card Tricks {rPois MR+ Str+3 Int-5}
rPois    +         Spirit   .   u - amulet of regeneration
rElec    +         Reflect  .   R - ring of Bicliepe {rF+ EV+5 Int+2}
rCorr    .         Harm     .   q - ring of dexterity
MR       +++..                  s - ring of slaying
Stlth    ++++......             Q - ring of Miffu Yhul {rElec rN+ Str+4 Stlth+}
HPRegen  1.20/turn              U - ring of protection
MPRegen  0.39/turn              e - ring of protection
                                M - ring of Xifud {Dex+3 Slay+2 Stlth+}
                                Z - ring "Lesk" {rN+ AC+5}

@: no status effects
A: almost no armour, stealthy swim, amphibious, 8 rings, constrict 8, tentacle
spike 1, camouflage 1, deterioration 1, dopey 1, gelatinous body 1
0: Orb of Zot
}: 3/15 runes: decaying, silver, gossamer
a: no special abilities


You escaped.
You were not hungry.

You visited 9 branches of the dungeon, and saw 40 of its levels.
You also visited: Ice Cave, Volcano and Market.

You collected 11590 gold pieces.
You spent 7261 gold pieces at shops.

Inventory:

Weapons
 b - a +9 longbow of freezing (weapon) Shields
 c - a +13 scutum of protection (shield)
Armour
 l - the +1 hat of Card Tricks (worn) {rPois MR+ Str+3 Int-5}
   (You acquired it on level 5 of the Lair of Beasts)

   It affects your strength (+3).
   It affects your intelligence (-5).
   It protects you from poison.
   It affects your resistance to hostile enchantments.
Jewellery
 e - a ring of protection (on tentacle)
 p - the ring of the Enemy {rN+ rCorr}
   (You took it off a kobold on level 2 of the Dungeon)

   [ring of resist corrosion]

   It protects you from negative energy.
   It provides partial protection from all sources of acid and corrosion.
 q - a ring of dexterity (right tentacle)
 s - a ring of slaying (on tentacle)
 u - an amulet of regeneration (around mantle)
 I - a ring of the Octopus King {Ice AC+1 EV+1 Str+1 Int+1 Dex+1}
   (You found it on level 4 of the Vaults)

   [ring of ice]

   It enhances your ice magic.
   It affects your AC (+1).
   It affects your evasion (+1).
   It affects your strength (+1).
   It affects your intelligence (+1).
   It affects your dexterity (+1).
   It makes you vulnerable to fire.
   It protects you from cold.
 K - an uncursed ring of protection from magic
 M - the ring of Xifud (on tentacle) {Dex+3 Slay+2 Stlth+}
   (You found it on level 1 of the Spider Nest)

   [ring of stealth]

   It affects your dexterity (+3).
   It affects your accuracy and damage with ranged weapons and melee attacks
   (+2).
   It makes you more stealthy.
 Q - the ring of Miffu Yhul (on tentacle) {rElec rN+ Str+4 Stlth+}
   (You found it in an ice cave)

   [ring of positive energy]

   It affects your strength (+4).
   It insulates you from electricity.
   It protects you from negative energy.
   It makes you more stealthy.
 R - the ring of Bicliepe (left tentacle) {rF+ EV+5 Int+2}
   (You bought it in a shop on level 5 of the Depths)

   [ring of evasion]

   It affects your evasion (+5).
   It affects your intelligence (+2).
   It protects you from fire.
 U - a ring of protection (on tentacle)
 Z - the ring "Lesk" (on tentacle) {rN+ AC+5}
   (You bought it in a shop on level 3 of the Depths)

   [ring of protection]

   It affects your AC (+5).
   It protects you from negative energy.
Wands
 o - a wand of disintegration (40)
 r - a wand of flame (84)
 t - a wand of ensnaring (7)
 v - a wand of clouds (11)
 w - a wand of random effects (13)
 F - a wand of acid (39)
 G - a wand of iceblast (37)
 L - a wand of polymorph (30)
 O - a wand of healing (6)
 P - a wand of scattershot (10)
 X - a wand of enslavement (18)
 Y - a wand of hasting (13)
Scrolls
 f - 14 scrolls of magic mapping
 i - 8 scrolls of fear
 m - 4 scrolls of blinking
 n - 2 scrolls of summoning
 y - 4 scrolls of vulnerability
 z - 9 scrolls of fog
 B - 12 scrolls of teleportation
 N - 10 scrolls of enchantment
 T - 4 scrolls of silence
 V - 5 scrolls of bless item
Potions
 g - 11 potions of haste
 h - 37 potions of curing
 j - 15 potions of might
 k - 4 potions of invisibility
 x - 14 potions of magic
 A - 4 potions of ambrosia
 C - 4 potions of resistance
 D - 6 potions of cancellation
 H - 4 potions of agility
 J - 5 potions of berserk rage
 W - 5 potions of heal wounds
Miscellaneous
 d - a phantom mirror
 E - a box of beasts
Comestibles
 a - 75 rations


   Skills:
 + Level 23.6 Fighting
 O Level 27 Bows
 + Level 23.3 Dodging
 + Level 19.4 Stealth
 + Level 21.8 Shields
 - Level 1.2 Spellcasting
 - Level 9.0 Evocations


You had 28 spell levels left.
You didn't know any spells.
Your spell library contained the following spells:

 Spells                   Type           Power        Failure   Level  Hunger
 Confusing Touch          Hex            0 (50)       50%         1    ##.....
 Flame Tongue             Fire           0 (30)       50%         1    ##.....
 Pain                     Hex/Necr       0 (25)       50%         1    ##.....
 Poisonous Vapours        Pois/Air       0 (50)       50%         1    ##.....
 Shock                    Air            0 (25)       50%         1    ##.....
 Summon Butterflies       Summ           0 (100)      50%         1    ##.....
 Summon Small Mammal      Summ           0 (25)       50%         1    ##.....
 Blink                    Tloc           N/A          65%         2    ###....
 Call Imp                 Summ           0 (100)      65%         2    ###....
 Corpse Rot               Tmut/Necr      N/A          65%         2    ###....
 Passwall                 Tmut/Erth      0 (120)      65%         2    ###....
 Shroud of Golubria       Chrm/Tloc      0 (200)      65%         2    ###....
 Song of Slaying          Chrm           0 (100)      65%         2    ###....
 Swiftness                Chrm/Air       0 (100)      65%         2    ###....
 Call Canine Familiar     Summ           0 (100)      86%         3    ####...
 Confuse                  Hex            0 (100)      86%         3    ####...
 Gell's Gravitas          Tloc           0 (200)      86%         3    ####...
 Ignite Poison            Fire/Tmut      0 (100)      86%         3    ####...
 Inner Flame              Hex/Fire       0 (100)      86%         3    ####...
 Ozocubu's Armour         Chrm/Ice       0 (100)      86%         3    ####...
 Portal Projectile        Chrm/Tloc      0 (50)       86%         3    ####...
 Recall                   Summ/Tloc      N/A          86%         3    ####...
 Regeneration             Chrm/Necr      0 (200)      86%         3    ####...
 Spectral Weapon          Chrm/Summ      0 (100)      86%         3    ####...
 Teleport Other           Hex/Tloc       0 (100)      86%         3    ####...
 Vampiric Draining        Necr           0 (200)      86%         3    ####...
 Animate Dead             Necr           N/A          99%         4    #####..
 Force Lance              Tloc/Air       0 (200)      99%         4    #####..
 Force Lasso              Tloc/Erth      0 (200)      99%         4    #####..
 Leda's Liquefaction      Tmut/Erth      0 (200)      99%         4    #####..
 Petrify                  Tmut/Erth      0 (100)      99%         4    #####..
 Summon Ice Beast         Ice/Summ       0 (100)      99%         4    #####..
 Aura of Abjuration       Summ           0 (200)      100%        5    ######.
 Bolt of Magma            Fire/Erth      0 (200)      100%        5    ######.
 Excruciating Wounds      Chrm/Necr      0 (200)      100%        5    ######.
 Fireball                 Fire           0 (200)      100%        5    ######.
 Irradiate                Tmut/Pois      0 (200)      100%        5    ######.
 Iskenderun's Battlesphe  Chrm/Erth      0 (100)      100%        5    ######.
 Silence                  Hex/Air        0 (200)      100%        5    ######.
 Summon Forest            Summ/Erth      0 (200)      100%        5    ######.
 Summon Lightning Spire   Summ/Air       0 (100)      100%        5    ######.
 Summon Mana Viper        Summ/Pois      0 (100)      100%        5    ######.
 Summon Spider Mount      Summ/Pois      0 (200)      100%        5    ######.
 Yara's Violent Unravell  Hex/Tmut       0 (200)      100%        5    ######.
 Agony                    Necr           0 (180)      100%        6    #######
 Bolt of Fire             Fire           0 (200)      100%        6    #######
 Borgnjor's Vile Clutch   Necr/Erth      0 (200)      100%        6    #######
 Cigotuvi's Degeneration  Tmut/Necr      0 (200)      100%        6    #######
 Conjure Ball Lightning   Air            0 (200)      100%        6    #######
 Death Channel            Chrm/Necr      0 (200)      100%        6    #######
 Deflect Missiles         Chrm/Air       0 (200)      100%        6    #######
 Freezing Cloud           Ice/Air        0 (200)      100%        6    #######
 Iron Shot                Erth           0 (200)      100%        6    #######
 Poison Arrow             Pois           0 (200)      100%        6    #######
 Ring of Flames           Chrm/Fire      0 (200)      100%        6    #######
 Shadow Creatures         Summ           N/A          100%        6    #######
 Simulacrum               Ice/Necr       0 (200)      100%        6    #######
 Starburst                Fire           0 (200)      100%        6    #######
 Statue Form              Tmut/Erth      0 (150)      100%        6    #######
 Tunneling                Erth           0 (200)      100%        6    #######
 Dragon Form              Tmut           0 (200)      100%        7    #######
 Haunt                    Necr/Summ      0 (200)      100%        7    #######
 Infestation              Tmut/Pois      0 (200)      100%        7    #######
 Iskenderun's Icy Sphere  Ice            0 (200)      100%        7    #######
 Malign Gateway           Summ/Tloc      0 (200)      100%        7    #######
 Monstrous Menagerie      Summ           0 (200)      100%        7    #######
 Spellforged Servitor     Summ           0 (200)      100%        7    #######
 Borgnjor's Revivificati  Necr           0 (200)      100%        8    #######
 Chain Lightning          Air            0 (200)      100%        8    #######
 Death's Door             Chrm/Necr      0 (200)      100%        8    #######
 Disjunction              Tloc           0 (200)      100%        8    #######
 Ignition                 Fire           0 (200)      100%        8    #######
 Lehudib's Crystal Spear  Erth           0 (200)      100%        8    #######
 Necromutation            Tmut/Necr      0 (200)      100%        8    #######
 Summon Jungle            Summ           0 (200)      100%        8    #######
 Fire Storm               Fire           0 (200)      100%        9    #######
 Glaciate                 Ice            0 (200)      100%        9    #######
 Shatter                  Erth           0 (200)      100%        9    #######
 Tornado                  Air            0 (200)      100%        9    #######
 Passage of Golubria      Tloc           Unusable     N/A         4    N/A

Dungeon Overview and Level Annotations

Branches:
Dungeon (8/8)              Temple (1/1) D:4            Lair (6/6) D:5
  Swamp (4/4) Lair:2       Spider (4/4) Lair:2        Slime (0/5) Lair:6
    Orc (2/2) D:6             Elf (0/3) Orc:2        Vaults (5/5) D:7
  Crypt (0/3) Vaults:2     Depths (5/5) D:8             Zot (5/5) Depths:5
  IceCv (visited)         Volcano (visited)

Altars:
Ashenzari
Cheibriados
Dithmenos
Elyvilon
Fedhas Madash
Gozag Ym Sagoz
Hepliaklqana
Kikubaaqudgha
Makhleb
Nemelex Xobeh
Okawaru
Qazlal
Ru
Sif Muna
Trog
Uskayaw
Vehumet
Wu Jian
Xom
Yredelemnul
Zin
The Shining One
Jiyva

Shops:
D:4 [*}(   D:6 [   D:7 *   Orc:1 *?%   Orc:2 }(?(:   Vaults:2 }[[}
Vaults:5 }}?:   Depths:1 *(*   Depths:3 *   Depths:4 *   Depths:5 }=[%

Portals:
Hell: Depths:1 Depths:2 Depths:3 Depths:4 Depths:5
Abyss: Depths:4
Pandemonium: Depths:3 Depths:4
Ziggurat: Depths:4
Trove: Vaults:4 (give 2 scrolls of acquirement)

Annotations:
Lair:6 1 runed translucent door
Swamp:3 2 transporters, Vudadgh's ghost, adept HuWr
Vaults:4 3 runed translucent doors
Zot:1 1 runed translucent door, Emnejil's ghost, master VSBe
Zot:5 3 runed translucent doors, Yohl's ghost, legendary DrDs


Innate Abilities, Weirdness & Mutations

You cannot wear most types of armour.
You are very stealthy in the water. (Stealth+)
You are amphibious.
You can wear up to three rings at the same time.
You can use your tentacles to constrict three enemies at once.
Your skin changes colour to match your surroundings (Stealth+).
Your rubbery body absorbs attacks. (AC +1, EV +1)
One of your tentacles bears a spike.
Your body sometimes deteriorates upon taking damage.
You are dopey. (Int -2)


Message History

Press: ? - help, v - describe, . - travel
There is a dispersal trap here.
This square is covered in magical glow.
You feel yourself speed up.
The reaper activates a sealing rune.
There is an open translucent gate here.
You can't melee attack with what you're currently wielding.
You block the reaper's attack.
The reaper activates a sealing rune.
A door slams shut!
There is an escape hatch in the ceiling here.
A mysterious force pulls you upwards. The hatch slams shut behind you.
A Brimstone Fiend comes into view.
There is a stone staircase leading up here.
You climb upwards.
There is a stone staircase leading down here.
Your extra speed is starting to run out.
You feel yourself slow down.
There is a staircase leading out of the dungeon here.
You have escaped!

...# #...# #...[.....# ### ...#
#...#### #.........# #.. ...#
#......########....##.# #.. ...#
#..................##.###.. ...##
#....##.######.##..##.##... ....#
##...##.#....#.##..##.##...
....####...##.#.##.#.##..##.##...
...........##.#..#.#.##..##.##...
.....###...##.#.@#.#.##..##.##...
.†...# #...##.####.#.##..##.##...
.....# #...........#.##..##......
....## #.....#######≈.≈..######..
....# #............≈>...........
##### #....#######.##.##########
####.#######.##.#
#######.........#..#
#........########.##


There were no monsters in sight!

Vanquished Creatures
  7 ancient liches
  6 orbs of fire (Zot:5)
  5 Killer Klowns (Zot:5)
  Bai Suzhen (Depths:1)
  10 golden dragons
  A curse toe (Zot:1)
  A Brimstone Fiend (Zot:1)
  2 liches
  5 caustic shrikes (Zot:5)
  Rupert (Lair:6)
  2 electric golems (Zot:5)
  Jorgrun (Orc:2)
  8 quicksilver dragons
  A titan (Vaults:5)
  Asterion (Depths:3)
  3 juggernauts
  14 shadow dragons
  14 storm dragons
  A plutonium crab (Zot:2)
  3 sphinxes
  6 thorn hunters
  7 draconian monks
  6 draconian knights
  3 iron dragons
  11 tengu reavers
  5 fire giants
  13 frost giants
  16 vault wardens
  3 war gargoyles (Vaults:5)
  7 draconian shifters
  A balrug (Depths:4)
  An orc warlord (Orc:1)
  4 draconian scorchers
  4 draconian stormcallers
  6 ghost moths
  5 platinum draconians
  17 ironheart preservers
  6 deep elf sorcerers
  7 draconian sharpshooters
  7 draconian annihilators
  26 Orb Guardians
  8 silver draconians
  7 death cobs
  A lava glob (Depths:4)
  4 golden draconians
  7 blood draconians
  2 green draconians (Zot:2)
  4 teal draconians
  5 white draconians
  4 lime draconians
  5 bone draconians
  6 entropy weavers
  6 blue draconians
  A vampire knight (Depths:5)
  3 pearl draconians
  7 black draconians
  2 olive draconians
  2 scintillating draconians
  Snorg (D:7)
  A cyan draconian (Zot:3)
  A pink draconian (Zot:2)
  3 deep elf demonologists (Vaults:5)
  5 purple draconians
  3 red draconians
  18 tentacled monstrosities
  2 deep elf annihilators (Vaults:5)
  Azrael (D:7)
  11 spark wasps
  11 fire dragons
  2 chaos butterflies
  2 crystal guardians
  Josephine (D:7)
  A blizzard demon (Depths:1)
  10 ice dragons
  4 deep elf death magi
  A mummy priest (Lair:5)
  3 emperor scorpions
  3 spriggan air magi (Depths:4)
  A deep elf high priest (Vaults:5)
  A lorocyproca (Depths:3)
  A satyr (shapeshifter) (Depths:3)
  6 great orbs of eyes
  17 deep troll shamans
  6 deep troll earth magi
  11 rakshasas
  17 very ugly things
  4 jiangshi
  7 sphinx moths
  16 boulder beetles
  17 stone giants
  2 death knights
  4 vampire magi
  A verdant mould (Swamp:2)
  A ghost crab (Swamp:3)
  2 soul eaters
  6 spriggan berserkers
  A merfolk impaler (Depths:3)
  13 ogre magi
  Urug (Lair:1)
  5 dire elephants (Lair:6)
  A swooping magpie (shapeshifter) (Vaults:3)
  14 ettins
  30 alligators
  4 deep elf knights
  A hell hog (Depths:3)
  2 swooping magpies
  A shock serpent (shapeshifter) (Depths:3)
  A spriggan defender (Depths:3)
  Sonja (D:7)
  22 yaktaur captains
  Nergalle (Lair:1)
  12 hell knights
  3 unseen horrors
  34 vault guards
  5 phantasmal warriors
  A cherub (Depths:2)
  9 swamp dragons
  3 tengu warriors
  A salamander mystic (Depths:4)
  40 two-headed ogres
  11 balloon dogs
  A shadow wraith (Vaults:3)
  2 fire crabs (shapeshifter)
  A two-headed ogre (shapeshifter) (Vaults:5)
  2 dancing weapons (Vaults:5)
  An anaconda (Lair:6)
  15 orc knights
  4 deep elf archers
  6 flayed ghosts
  A sun demon (D:7)
  18 ironbrand convokers
  31 hydras
  12 centaur warriors
  3 shambling mangroves
  4 glowing orange brains
  7 skeletal warriors
  3 wizards
  13 orb spiders
  34 deep trolls
  5 necromancers
  13 deep elf magi
  17 giraffes
  4 torpor snails
  4 rock worms
  A guardian serpent (shapeshifter) (Vaults:3)
  2 manticores
  An infernal demonspawn (Depths:3)
  A rust devil (Depths:3)
  27 moths of wrath
  7 orc sorcerers
  4 salamanders
  2 black mambas (shapeshifter)
  4 black mambas
  2 gargoyles
  10 apocalypse crabs (Depths:2)
  2 ice statues (IceCv)
  14 vault sentinels
  42 ugly things
  6 iron trolls
  12 trolls
  11 freezing wraiths
  7 rime drakes
  3 meliai (Spider:3)
  50 yaktaurs
  An efreet (D:8)
  18 spiny frogs
  11 elephants (Lair:6)
  36 wolf spiders
  A kobold demonologist (D:7)
  9 bog bodies
  5 tengu conjurers
  6 komodo dragons
  A spriggan zombie (Depths:5)
  15 tyrant leeches
  2 red devils
  2 queen bees
  A polar bear (Lair:6)
  31 jumping spiders
  A hornet (shapeshifter) (Vaults:5)
  6 demonic crawlers
  A tengu skeleton (Depths:5)
  24 hornets
  7 wraiths
  6 blink frogs
  4 dream sheep (Lair:6)
  A sphinx skeleton (Depths:5)
  2 neqoxecs (Depths:3)
  15 hippogriffs
  3 hydra zombies (Lair:5)
  2 vampires (D:7)
  A death yak zombie (Lair:5)
  A steam dragon (D:6)
  A death yak skeleton (Lair:5)
  17 yaks
  6 cyclopes
  A hippogriff (shapeshifter) (Depths:4)
  4 acid dragons
  A shadow (Swamp:3)
  10 wyverns
  A water elemental (Depths:3)
  7 spriggans
  3 fire elementals (D:7)
  A tarantella (shapeshifter) (D:8)
  A hydra skeleton (Lair:5)
  28 tarantellas
  8 basilisks
  2 fire bats (Depths:4)
  5 guardian mummies (Lair:5)
  A hungry ghost (D:6)
  26 vampire mosquitoes
  97 redbacks
  9 wargs
  34 slime creatures
  A slime creature (shapeshifter) (Vaults:5)
  32 swamp worms
  10 insubstantial wisps
  4 wolf spider zombies
  14 hell hounds
  15 water moccasins
  2 phantoms (D:3)
  15 ice beasts
  52 orc warriors
  A floating eye (Depths:3)
  14 porcupines
  A scorpion (shapeshifter) (Vaults:1)
  7 scorpions
  2 sky beasts (D:6)
  2 chaos butterfly zombies (Lair:5)
  15 boggarts
  An eye of draining (D:7)
  15 swamp drakes
  A pulsating lump (shapeshifter) (Depths:3)
  40 ogres
  20 wolves
  A dream sheep zombie (Lair:5)
  A wolf spider simulacrum (D:8)
  12 crocodiles
  A komodo dragon zombie (Lair:5)
  A komodo dragon skeleton (Lair:5)
  8 big kobolds
  27 bullfrogs
  A human simulacrum (Vaults:2)
  15 centaurs
  3 harpy skeletons
  A spiny frog zombie (Lair:5)
  A black mamba zombie (Lair:5)
  2 howler monkeys
  37 killer bees
  8 wights
  5 electric eels
  A rime drake skeleton (Lair:5)
  2 lava snakes (Lair:4)
  7 crimson imps
  2 hounds
  11 jellies
  20 orc wizards
  24 orc priests
  4 iguanas
  5 hell rats (Lair:5)
  4 worker ants
  7 giant cockroaches
  4 iron imps
  7 bullfrog skeletons
  2 bullfrog zombies
  3 shadow imps
  10 adders
  A bullfrog simulacrum (D:3)
  48 sewer rats
  2 white imps (Depths:3)
  5 cinder newts
  2 worms
  A howler monkey zombie (D:5)
  A hound skeleton (D:3)
  7 oozes (D:2)
  2 dart slugs (D:1)
  6 leopard geckos
  103 orcs
  A spectral adder (D:3)
  4 adder skeletons
  3 ball pythons
  5 bats
  2 hobgoblins (D:1)
  30 kobolds
  3 quokkas
  A ball python skeleton (D:2)
  A bat skeleton (D:2)
  3 goblins (D:1)
  10 rats
  A spectral leopard gecko (D:3)
  A butterfly (D:7)
  A fungus (Lair:3)
  A giant blowfly (Vaults:5)
  7 plants
  A rainbow trout (Swamp:2)
  6 withered plants (D:2)
2388 creatures vanquished.

Vanquished Creatures (collateral kills)
  2 sewer rats (D:2)
  A bat (D:2)
3 creatures vanquished.

Vanquished Creatures (others)
  A wyvern skeleton (D:7)
  An orc (Vaults:1)
  2 bushes
  9 fungi (Lair:6)
  15 giant blowflies
  11 plants
  10 rainbow trout
  3 toadstools (Swamp:2)
  154 withered plants (D:2)
206 creatures vanquished.

Grand Total: 2597 creatures vanquished

Notes
Turn   | Place    | Note
-------+----------+-------------------------------------------
     0 | Start Ma | esc the Octopode Noble began the quest for the Orb.
     0 | Start Ma | Reached XP level 1. HP: 13/13 MP: 2/2
     0 | Start Ma | Found Rifexiro's Expert Tomes.
     4 | Start Ma | Found Vydgh's Auxillary Armour.
     6 | Start Ma | Bought a +0 longbow for 180 gold pieces
     9 | Start Ma | Bought a +0 scutum of protection for 399 gold pieces
    14 | Start Ma | Bought a +0 hat for 80 gold pieces
    19 | Start Ma | Found Canwiedgh's Mashing MeleeMart.
    29 | Start Ma | Bought an uncursed ring of dexterity for 329 gold pieces
    39 | D:1      | esc set off with the following items: a ration, a +0
                  | longbow, a +0 scutum of protection, a +0 hat, a ring of
                  | dexterity
    90 | D:1      | Reached skill level 1 in Bows
    90 | D:1      | Reached XP level 2. HP: 13/18 MP: 3/3
   191 | D:1      | Reached skill level 1 in Shields
   226 | D:1      | Reached XP level 3. HP: 23/23 MP: 4/4
   445 | D:1      | Reached skill level 1 in Dodging
   490 | D:1      | Reached skill level 2 in Bows
   824 | D:2      | Reached XP level 4. HP: 29/29 MP: 5/5
   882 | D:1      | HP: 1/29 [poisoned by an adder]
  1067 | D:2      | Noticed a big kobold
  1118 | D:2      | Noticed a big kobold
  1121 | D:2      | Killed a big kobold
  1121 | D:2      | Reached skill level 3 in Bows
  1121 | D:2      | Reached XP level 5. HP: 35/35 MP: 6/6
  1161 | D:2      | Reached XP level 6. HP: 41/41 MP: 7/7
  1184 | D:2      | Reached skill level 4 in Bows
  1434 | D:2      | Reached XP level 7. HP: 46/46 MP: 8/8
  1499 | D:2      | Reached skill level 5 in Bows
  1726 | D:2      | Found a basalt altar of Yredelemnul.
  1785 | D:2      | Reached XP level 8. HP: 54/54 MP: 9/9
  1854 | D:2      | Reached skill level 6 in Bows
  1878 | D:2      | Identified the cursed ring of the Enemy {rN+ rCorr, (Curse:
                  | rF-)}
  2199 | D:2      | Reached skill level 5 in Fighting
  2347 | D:2      | Reached skill level 7 in Bows
  2427 | D:3      | Reached skill level 5 in Dodging
  2452 | D:3      | Reached XP level 9. HP: 61/61 MP: 10/10
  2631 | D:3      | Reached skill level 5 in Shields
  2664 | D:3      | Reached skill level 8 in Bows
  2779 | D:3      | Found a runed translucent gate.
  2780 | D:3      | Found a runed translucent gate.
  2781 | D:3      | Found a runed translucent gate.
  3043 | D:4      | Found a blossoming altar of Fedhas.
  3084 | D:4      | Found Ukhlyir's Weapon Emporium.
  3086 | D:4      | Found Qionamir's Gadget Emporium.
  3086 | D:4      | Found Romp's Assorted Antiques.
  3090 | D:4      | Found Pekut's Antique Armour Emporium.
  3139 | D:4      | Found a staircase to the Ecumenical Temple.
  3165 | Temple   | Entered the Ecumenical Temple
  3608 | D:4      | Found a hazy altar of Hepliaklqana.
  3785 | D:4      | Reached skill level 9 in Bows
  3795 | D:4      | Found a shimmering altar of Xom.
  3919 | D:4      | Reached XP level 10. HP: 69/69 MP: 11/11
  4264 | D:4      | Reached skill level 10 in Bows
  4524 | D:5      | Entered Level 5 of the Dungeon
  4582 | D:5      | Found a staircase to the Lair.
  4682 | D:5      | Noticed a two-headed ogre
  4684 | D:5      | Killed a two-headed ogre
  5224 | D:6      | Reached skill level 11 in Bows
  5233 | D:6      | Found a staircase to the Orcish Mines.
  5286 | D:6      | Found Ceycwouq's Antique Armour Emporium.
  5305 | D:6      | Reached XP level 11. HP: 77/77 MP: 12/12
  5331 | D:6      | Noticed a two-headed ogre
  5335 | D:6      | Killed a two-headed ogre
  5372 | D:6      | Noticed a two-headed ogre
  5382 | D:6      | Killed an unseen horror
  5408 | D:6      | Killed a two-headed ogre
  5423 | D:6      | Noticed a two-headed ogre
  5426 | D:6      | Killed a two-headed ogre
  5426 | D:6      | Reached skill level 12 in Bows
  5556 | D:6      | Noticed a five-headed hydra
  5559 | D:6      | Killed a five-headed hydra
  5584 | D:6      | Found a glowing golden altar of the Shining One.
  5891 | D:7      | Noticed a two-headed ogre
  5893 | D:7      | Killed a two-headed ogre
  5907 | D:7      | Reached XP level 12. HP: 85/85 MP: 13/13
  5963 | D:7      | Reached skill level 13 in Bows
  6071 | D:7      | Noticed Snorg
  6073 | D:7      | Killed Snorg
  6240 | D:7      | Reached skill level 10 in Fighting
  6375 | D:7      | Noticed an ogre mage
  6377 | D:7      | Killed an ogre mage
  6377 | D:7      | Reached skill level 10 in Dodging
  6377 | D:7      | Noticed Sonja
  6379 | D:7      | Killed Sonja
  6496 | D:7      | Noticed a boulder beetle
  6512 | D:7      | Reached skill level 14 in Bows
  6544 | D:7      | Killed a boulder beetle
  6600 | D:7      | Reached XP level 13. HP: 93/93 MP: 14/14
  6629 | D:7      | Found Zouhuiqe's General Store.
  6713 | D:7      | Noticed Josephine
  6721 | D:7      | Killed Josephine
  6899 | D:7      | Reached skill level 10 in Shields
  6904 | D:7      | Noticed Azrael
  7006 | D:7      | Found a gate to the Vaults.
  7006 | D:7      | Noticed an ironheart preserver
  7042 | D:7      | Killed an ironheart preserver
  7098 | D:7      | Killed Azrael
  7437 | D:7      | Reached skill level 15 in Bows
  7481 | D:8      | Entered Level 8 of the Dungeon
  7549 | Lair:1   | Entered Level 1 of the Lair of Beasts
  7560 | Lair:1   | Noticed Nergalle
  7564 | Lair:1   | Killed Nergalle
  7600 | Lair:1   | Noticed Urug
  7630 | Lair:1   | Killed Urug
  8390 | Lair:2   | Found a hole to the Spider Nest.
  8573 | Lair:2   | Found a staircase to the Swamp.
  8579 | Lair:2   | Reached XP level 14. HP: 102/102 MP: 15/15
  9077 | Lair:3   | Reached skill level 16 in Bows
 10215 | Lair:4   | Found a dark tunnel.
 10220 | Volcano  | Entered a volcano
 10450 | Lair:4   | Reached XP level 15. HP: 109/109 MP: 16/16
 10832 | Lair:5   | Reached skill level 17 in Bows
 11377 | Lair:5   | Identified a scroll of acquirement
 11447 | Lair:5   | Identified the Handbook of Necromancy and Changing (You
                  | acquired it on level 5 of the Lair of Beasts)
 11449 | Lair:5   | Identified the +1 hat of Card Tricks {rPois MR+ Str+3
                  | Int-5} (You acquired it on level 5 of the Lair of Beasts)
 11495 | Lair:5   | Lost intelligence.
 12039 | Lair:6   | Entered Level 6 of the Lair of Beasts
 12075 | Lair:6   | Reached XP level 16. HP: 117/117 MP: 17/17
 12303 | Lair:6   | Noticed Rupert
 12307 | Lair:6   | Killed Rupert
 12478 | Lair:6   | Reached skill level 18 in Bows
 12654 | Lair:6   | Found a runed translucent door.
 12654 | Lair:6   | Found a viscous altar of Jiyva.
 12654 | Lair:6   | Noticed an acid blob
 12655 | Lair:6   | Found a staircase to the Slime Pits.
 13246 | Lair:6   | Identified the +9 mace "Guufalog" {holy, *Drain MR+ Int+4}
 13577 | Orc:1    | Entered Level 1 of the Orcish Mines
 13592 | Orc:1    | Found Dajoyl's Assorted Antiques.
 13612 | Orc:1    | Bought a scroll of enchantment for 195 gold pieces
 13612 | Orc:1    | Bought a scroll of enchantment for 195 gold pieces
 13612 | Orc:1    | Bought a scroll of fear for 91 gold pieces
 13612 | Orc:1    | Bought a scroll labeled OXUIGR OC SOVITZ for 26 gold pieces
 13653 | Orc:1    | Found Xaah Zav's Magic Scroll Emporium.
 13699 | Orc:1    | Bought a scroll of fog for 30 gold pieces
 13699 | Orc:1    | Bought a scroll of enchantment for 112 gold pieces
 13699 | Orc:1    | Bought a scroll of blinking for 112 gold pieces
 13699 | Orc:1    | Bought a scroll of blinking for 112 gold pieces
 13699 | Orc:1    | Bought a scroll of teleportation for 45 gold pieces
 13719 | Orc:1    | Identified the cursed ring "Loitt" {rPois rF+ rCorr Stlth+,
                  | (Curse: Fragile)}
 13774 | Orc:1    | Bought 3 scrolls of bless item for 1350 gold pieces
 13796 | Orc:1    | Found Cus Fofuph's Food Shop.
 14004 | Orc:2    | Entered Level 2 of the Orcish Mines
 14086 | Orc:2    | Noticed Jorgrun
 14102 | Orc:2    | Identified the cursed ring of Desertification {rCorr Dex+9,
                  | (Curse: Fragile rF-)}
 14102 | Orc:2    | Found Cigu's Antique Weapon Emporium.
 14117 | Orc:2    | Killed Jorgrun
 14135 | Orc:2    | Found Kopla's Magic Scroll Shoppe.
 14135 | Orc:2    | Found Warrezely's Weapon Shop.
 14135 | Orc:2    | Found Lunuc's Gadget Boutique.
 14201 | Orc:2    | Bought a scroll of enchantment for 82 gold pieces
 14201 | Orc:2    | Bought a scroll of fog for 22 gold pieces
 14343 | Orc:2    | Found a frozen archway.
 14343 | Orc:2    | Found Wurayx's Book Shoppe.
 14349 | Orc:2    | Found a staircase to the Elven Halls.
 14368 | IceCv    | Entered an ice cave
 14400 | IceCv    | Reached XP level 17. HP: 126/126 MP: 18/18
 14525 | IceCv    | Identified the amulet of Perrufuwk {Spirit *Slow Dex+6}
 14527 | IceCv    | Identified the ring of Miffu Yhul {rElec rN+ Str+4 Stlth+}
 14896 | Orc:1    | Identified the cursed amulet of Jaadiv {Gourm rN+ MR+ Str+2
                  | Stlth-, (Curse: Fragile)}
 14897 | Orc:1    | Reached skill level 19 in Bows
 15544 | Spider:1 | Entered Level 1 of the Spider Nest
 15619 | Spider:1 | Identified the cursed ring of Xifud {Dex+3 Slay+2 Stlth+,
                  | (Curse: rC-)}
 15722 | Spider:1 | Identified the Compendium of the Volcanoes
 17093 | Spider:3 | Reached skill level 15 in Fighting
 17925 | Spider:4 | Entered Level 4 of the Spider Nest
 18103 | Spider:4 | Reached skill level 20 in Bows
 18291 | Spider:4 | Reached XP level 18. HP: 129/134 MP: 19/19
 18790 | Spider:4 | Reached skill level 15 in Dodging
 19106 | Spider:4 | Got a gossamer rune of Zot
 19350 | D:4      | Bought a scroll of blinking for 180 gold pieces
 19350 | D:4      | Bought 3 scrolls of teleportation for 216 gold pieces
 19350 | D:4      | Bought 2 scrolls of teleportation for 144 gold pieces
 19513 | Swamp:1  | Entered Level 1 of the Swamp
 19637 | Swamp:1  | Found a sacrificial altar of Ru.
 20334 | Swamp:2  | Reached skill level 21 in Bows
 20702 | Swamp:3  | Found a transporter.
 20731 | Swamp:3  | Noticed Vudadgh's ghost (adept HuWr)
 20880 | Swamp:3  | Reached XP level 19. HP: 141/141 MP: 20/20
 21000 | Swamp:3  | Found a transporter.
 21412 | Swamp:4  | Entered Level 4 of the Swamp
 21412 | Swamp:4  | Upgraded the game from 0.03.2.1-77-g250ca0d8c0 to
                  | 0.03.2.1-81-ged071578a9
 21813 | Swamp:4  | Reached skill level 15 in Shields
 22082 | Swamp:4  | Got a decaying rune of Zot
 22448 | Vaults:1 | Entered Level 1 of the Vaults
 22563 | Vaults:1 | Identified the cursed ring "Idowuro" {Dex+5 Stlth-, (Curse:
                  | Fragile)}
 22653 | Vaults:1 | Reached skill level 22 in Bows
 22756 | Vaults:1 | Identified the cursed amulet "Zonoklez" {RegenMP rN+ Dex+4,
                  | (Curse: *Tele Fragile)}
 22971 | Vaults:1 | Reached XP level 20. HP: 150/150 MP: 21/21
 23508 | Vaults:1 | Identified the +1 robe "Hacyuz Lya" {-Tele Str+6 Dex+3}
 23508 | Vaults:1 | Found the +3 pair of gauntlets of War {Slay+5}
 24000 | Vaults:2 | Identified the -2 quarterstaff of the Hundredfold Gods
                  | {molten, rF+ rC+ Int-4}
 24004 | Vaults:2 | Found Fana Wai's Antique Armour Shop.
 24091 | Vaults:2 | Found Fugaestro's Gadget Emporium.
 24126 | Vaults:2 | Identified the cursed amulet of Vaustres {Chaos rElec rF+
                  | Str+3 Stlth+, (Curse: -Tele Fragile rC-)}
 24240 | Vaults:2 | Found a staircase to the Crypt.
 24240 | Vaults:2 | Found an ancient bone altar of Kikubaaqudgha.
 24241 | Vaults:2 | Found a basalt altar of Yredelemnul.
 24507 | Vaults:2 | Reached skill level 23 in Bows
 24753 | Vaults:2 | Found Leadam's Antique Armour Boutique.
 24921 | Vaults:2 | Found Jici's Gadget Shop.
 24949 | Vaults:2 | Identified the Tome of Ignition
 25128 | Vaults:2 | Reached XP level 21. HP: 158/158 MP: 22/22
 25631 | Vaults:3 | Identified the cursed +3 leather armour "Erchum" {MR+
                  | Int+2, (Curse: Int-5)}
 26613 | Vaults:4 | Identified the +8 fustibalus of the Bruised Coins
                  | {velocity, *Drain rC+ rN+ Int+2}
 26793 | Vaults:4 | Found a runed translucent gate.
 26793 | Vaults:4 | Found a runed translucent gate.
 26793 | Vaults:4 | Found a runed translucent gate.
 26828 | Vaults:4 | Reached XP level 22. HP: 165/165 MP: 23/23
 26829 | Vaults:4 | Reached skill level 24 in Bows
 26829 | Vaults:4 | Reached XP level 23. HP: 172/172 MP: 24/24
 26913 | Vaults:4 | Found a portal to a secret trove of treasure.
 27047 | Vaults:4 | Found the ring of the Octopus King {Ice AC+1 EV+1 Str+1
                  | Int+1 Dex+1}
 27047 | Vaults:4 | Found the ring of the Octopus King {Ice AC+1 EV+1 Str+1
                  | Int+1 Dex+1}
 27767 | Vaults:5 | Entered Level 5 of the Vaults
 27767 | Vaults:5 | Identified the cursed amulet of Egalitarianism {rC- Regen+
                  | Slay+3 Stlth+, (Curse: *Drain Fragile)}
 27871 | Vaults:5 | Reached XP level 24. HP: 179/179 MP: 24/24
 27928 | Vaults:5 | Noticed an ancient lich
 27932 | Vaults:5 | Killed an ancient lich
 28023 | Vaults:5 | Noticed an ancient lich
 28027 | Vaults:5 | Killed an ancient lich
 28033 | Vaults:5 | Identified the cursed +5 shortbow of Oozing Pus {freeze,
                  | Int+3 Dex+2 Stlth+, (Curse: *Drain rF-)}
 28036 | Vaults:5 | Reached skill level 25 in Bows
 28097 | Vaults:5 | Identified the cursed +8 quarterstaff of Starshine {crush,
                  | +Inv rC- Str+2 Dex+9, (Curse: *Drain)} (You took it off a
                  | deep elf mage on level 5 of the Vaults)
 28135 | Vaults:5 | Identified the +7 falchion of the Pill Bug {venom, MP+9}
 28315 | Vaults:5 | Identified the +6 staff "Gram" {shield, air; rElec rN+}
 28389 | Vaults:5 | Identified the cursed +1 hand crossbow "Gyemmir" {venom,
                  | MR+ MP+9, (Curse: rC-)}
 28525 | Vaults:5 | Noticed an ancient lich
 28529 | Vaults:5 | Killed an ancient lich
 28613 | Vaults:5 | Identified the cursed +5 cleaver of Focus {slice, Stlth+,
                  | (Curse: Int-2)}
 28633 | Vaults:5 | Identified the Papyrus of Ignition
 28640 | Vaults:5 | Identified the Compendium of the Arsonist
 28649 | Vaults:5 | Got a silver rune of Zot
 28677 | Vaults:5 | Reached XP level 25. HP: 187/187 MP: 24/24
 28812 | Vaults:5 | Found Kinioharph's Book Emporium.
 28823 | Vaults:5 | Found Juqanir's Magic Scroll Boutique.
 28824 | Vaults:5 | Found Zadico Dakko's Gadget Boutique.
 28835 | Vaults:5 | Bought a scroll of fear for 59 gold pieces
 28835 | Vaults:5 | Bought a scroll of fog for 34 gold pieces
 28835 | Vaults:5 | Bought a scroll of fear for 59 gold pieces
 28843 | Vaults:5 | Found Kiave's Gadget Shop.
 29505 | D:8      | Found a stormy altar of Qazlal.
 29580 | D:8      | Found a bloodstained altar of Trog.
 29582 | D:8      | Found an opulent altar of Gozag.
 29679 | D:8      | Found a staircase to the Depths.
 29953 | Depths:1 | Entered Level 1 of the Depths
 29959 | Depths:1 | Noticed Bai Suzhen
 29968 | Depths:1 | Killed Bai Suzhen
 30332 | Depths:1 | Found a gateway to Hell.
 30478 | Depths:1 | Found Goty's Assorted Antiques.
 30480 | Depths:1 | Found Yruxtiv's Weapon Emporium.
 30482 | Depths:1 | Found Monar's General Store.
 30487 | Depths:1 | Bought a scroll of magic mapping for 122 gold pieces
 30487 | Depths:1 | Bought a scroll of summoning for 332 gold pieces
 30487 | Depths:1 | Bought a scroll of teleportation for 105 gold pieces
 30487 | Depths:1 | Bought a scroll of fear for 122 gold pieces
 30491 | Depths:1 | Bought a scroll of teleportation for 57 gold pieces
 30491 | Depths:1 | Bought a scroll of vulnerability for 142 gold pieces
 30491 | Depths:1 | Bought a scroll of silence for 142 gold pieces
 30491 | Depths:1 | Bought a potion of heal wounds for 95 gold pieces
 30754 | Depths:2 | Reached skill level 26 in Bows
 30759 | Depths:2 | Reached skill level 5 in Stealth
 31745 | Depths:3 | Identified the cursed -2 spear of Calculation {venom,
                  | Int+7, (Curse: rC-)}
 31922 | Depths:3 | Found Yfinig's Assorted Antiques.
 31927 | Depths:3 | Bought a scroll of teleportation for 63 gold pieces
 31927 | Depths:3 | Bought a brightly glowing tin ring for 105 gold pieces
 31927 | Depths:3 | Identified the cursed ring "Lesk" {rN+ AC+5, (Curse: rC-)}
                  | (You bought it in a shop on level 3 of the Depths)
 31962 | Depths:3 | Identified the cursed +5 targe of the Unspeakable One
                  | {crush, Dex+3, (Curse: Fragile rC-)}
 31962 | Depths:3 | Noticed Asterion
 31965 | Depths:3 | Killed Asterion
 32107 | Depths:3 | Reached XP level 26. HP: 196/196 MP: 24/24
 32129 | Depths:3 | Found a one-way gate leading to the halls of Pandemonium.
 32869 | Depths:3 | Identified the ring of the Tick {*Tele Dex+3}
 33178 | Depths:4 | Found Jehaom's General Store.
 33229 | Depths:4 | Bought a potion of haste for 140 gold pieces
 33229 | Depths:4 | Bought a scroll of fog for 28 gold pieces
 33399 | Depths:4 | Found a one-way gate to the infinite horrors of the Abyss.
 33608 | Depths:4 | Reached skill level 10 in Stealth
 33926 | Depths:4 | Found a gateway to a ziggurat.
 33992 | Depths:5 | Entered Level 5 of the Depths
 34026 | Depths:5 | Reached skill level 27 in Bows
 34052 | Depths:5 | Found a gate to the Realm of Zot.
 34206 | Depths:5 | Reached XP level 27. HP: 204/204 MP: 24/24
 34261 | Depths:5 | Reached skill level 1 in Evocations
 34266 | Depths:5 | Found Loases's Gadget Boutique.
 34267 | Depths:5 | Found Tanurri's Armour Shop.
 34267 | Depths:5 | Found Irar's Jewellery Boutique.
 34272 | Depths:5 | Found Qadub's Food Shop.
 34278 | Depths:5 | Bought the ring of Bicliepe {rF+ EV+5 Int+2} for 1756 gold
                  | pieces
 34361 | Depths:5 | Identified the cursed amulet "Letoremm" {-Vis rPois Dex+3,
                  | (Curse: Fragile)}
 34698 | Depths:5 | Noticed an ancient lich
 34712 | Depths:5 | Killed an ancient lich
 34964 | Depths:5 | Identified Uhoski Tikhlu's Volume of Unholy Rituals
 35025 | Zot:1    | Entered Level 1 of the Realm of Zot
 35102 | Zot:1    | Identified the Handbook of Fire
 35304 | Zot:1    | Found a shimmering altar of Xom.
 35304 | Zot:1    | Found a runed translucent door.
 35304 | Zot:1    | Noticed Emnejil's ghost (master VSBe)
 35305 | Zot:1    | Identified the amulet of Ciom {Reflect MR+ SH+5}
 35306 | Zot:1    | Identified the +5 dagger of the Illusory Lovers {venom,
                  | Str+2}
 35341 | Zot:1    | Identified the cursed ring "Zoysuaf" {Ice +Blink Str+9
                  | Int-5, (Curse: Fragile)}
 35646 | Zot:2    | Identified the +5 chain mail of Hysteria {Int+6}
 35837 | Zot:2    | Reached skill level 5 in Evocations
 36170 | Zot:2    | Identified the cursed ring of the Philosopher {rElec rPois
                  | MR- rCorr Str+4, (Curse: *Tele Fragile)}
 36578 | Zot:2    | Identified the cursed ring of Pegas {Str+5 Int+6 Dex-2
                  | Slay+3, (Curse: Fragile)}
 36938 | Zot:3    | Identified the +0 hat of the King of the Hill {rN+} (You
                  | acquired it on level 3 of the Realm of Zot)
 37327 | Zot:3    | Identified the cursed +6 glaive of Onalaf {venom, rN++ MR++
                  | Str+4 Dex-2, (Curse: *Drain)}
 37936 | Zot:4    | Reached skill level 15 in Stealth
 39097 | Zot:5    | Entered Level 5 of the Realm of Zot
 39146 | Zot:5    | Noticed an orb of fire
 39148 | Zot:5    | Gained mutation: Your body sometimes deteriorates upon
                  | taking damage. [an orb of fire]
 39152 | Zot:5    | Killed an orb of fire
 39158 | Zot:5    | Noticed Yohl's ghost (legendary DrDs)
 39159 | Zot:5    | Identified the ring "Amueheapn" {+Inv rN+ EV+5}
 39180 | Zot:5    | Identified the cursed ring of Cunej {+Inv rElec AC+5,
                  | (Curse: *Drain Fragile Int-2)}
 39181 | Zot:5    | Noticed an ancient lich
 39181 | Zot:5    | Noticed an ancient lich
 39185 | Zot:5    | Killed an ancient lich
 39198 | Zot:5    | Noticed an orb of fire
 39198 | Zot:5    | Noticed an orb of fire
 39198 | Zot:5    | Noticed a Killer Klown
 39200 | Zot:5    | Noticed an orb of fire
 39320 | Zot:5    | Noticed a Killer Klown
 39321 | Zot:5    | Noticed an orb of fire
 39321 | Zot:5    | Noticed an ancient lich
 39321 | Zot:5    | Noticed a Killer Klown
 39323 | Zot:5    | Noticed an ancient lich
 39324 | Zot:5    | Noticed a Killer Klown
 39331 | Zot:5    | Killed a Killer Klown
 39547 | Zot:5    | Noticed a Killer Klown
 39555 | Zot:5    | Killed an ancient lich
 39556 | Zot:5    | Killed a Killer Klown
 39562 | Zot:5    | Killed a Killer Klown
 39625 | Zot:5    | Identified the Incunabulum of Flames
 39633 | Zot:5    | Found a runed translucent gate.
 39633 | Zot:5    | Found a runed translucent gate.
 39633 | Zot:5    | Found a runed translucent gate.
 39815 | Zot:5    | Gained mutation: One of your tentacles bears a spike. [an
                  | orb of fire]
 39816 | Zot:5    | Killed an orb of fire
 39914 | Zot:5    | Killed a Killer Klown
 39933 | Zot:5    | Gained mutation: You are dopey. (Int -2) [an orb of fire]
 39939 | Zot:5    | Killed an orb of fire
 39971 | Zot:5    | Killed a Killer Klown
 40138 | Zot:5    | Noticed an orb of fire
 40144 | Zot:5    | Killed an orb of fire
 40435 | Zot:5    | Killed an orb of fire
 40589 | Zot:5    | Killed an ancient lich
 41198 | Zot:5    | Killed an orb of fire
 41547 | Zot:5    | Got the Orb of Zot
 41699 | Depths:5 | Noticed Zaedike the pandemonium lord
 41771 | Depths:2 | Identified the cursed +4 buckler of the Game of Life
                  | {Str+4, (Curse: Fragile)}
 41862 | D:6      | Noticed a seraph
 41956 | D:$      | Escaped with the Orb!

Levels and vault maps discovered:
D:1:      zelgadis_glass_arrival_small, layout_basic
D:2:      layout_sewer, basic_altar, first_ration, minmay_stone_trees_small
D:3:      miniossuary_kennysheep_ghosthouse, layout_cave_pools
D:4:      layout_irregular_city, fedhas_bush_and_centaur_altar, led_xom_imps,
          old_standard_altar, temple_fountains, minmay_shop_grid_forest,
          david_nohive_1
D:5:      layout_roguey, lair_entry_dummy
D:6:      layout_small_grid, lemuel_round_altar, david_orc_2, serial_shops,
          nicolae_shop_overgrown_old_shop
D:7:      layout_basic, skrybe_vaults_entry_preservation, serial_shops,
          shop_coins, uniq_josephine, uniq_azrael, uniq_sonja, uniq_snorg
D:8:      hangedman_depths_entry_civil_slaughter, layout_loops_cross,
          chequers_temple_overflow_statue_of_worship,
          nicolae_qazlal_style_of_elements, minmay_misc_feat_five,
          ebering_dispersal_statue_hall
Temple:   regret_index_temple_waves
Lair:1:   layout_concentric_octagons, serial_bayou_shore_b, grunt_megastairs_5,
          uniq_nergalle, uniq_urug
Lair:2:   layout_chaotic_city, minmay_swamp_entry_swarm,
          spider_nest_entry_web_field
Lair:3:   layout_gridlike
Lair:4:   layout_gridlike, enter_volcano_4
Lair:5:   ossuary_crypta, layout_small_grid, st_stairs_12,
          chequers_serial_rivers_small_3, kennysheep_abandoned_house
Lair:6:   due_jungle_book, layout_loops_ring, slime_altar_2, special_room
          [special_room_mythical_zoo], uniq_rupert
Swamp:1:  layout_falls_marsh, lemuel_altar_in_water
Swamp:2:  cheibrodos_swamp_tower_of_moss, layout_falls_marsh,
          nicolae_swamp_fairy_circle
Swamp:3:  layout_falls_marsh, gammafunk_ghost_arena,
          evilmike_swamp_ruin_house_4, worms_lemuel
Swamp:4:  swamp_basic_johnstein, layout_basic_swamp
Spider:1: layout_spider_delve, drop_trap
Spider:2: layout_chambers
Spider:3: layout_spider_delve, special_room [special_room_bee]
Spider:4: spider_rune_water, nicolae_spider_nook
Orc:1:    layout_caves, serial_shops, nicolae_shop_stone, nicolae_shop_trees,
          nicolae_shop_window_shopping
Orc:2:    st_orc_rangers, layout_caves, serial_shops, shop,
          portal_ice_cave_entry_pillars_2, uniq_jorgrun
Vaults:1: st_octagons_1, v_alt_pattern_3, nicolae_vaults_shelves_hall,
          hangedman_vaults_restitches, nicolae_vaults_ninety_degrees,
          v_pattern_4, nicolae_vaults_sealed_display, v_misc_18,
          vaults_room_door_hall, vaults_dpeg_diagonal, layout_vaults_ring
Vaults:2: minmay_crypt_entry_necro_gods, v_misc_10, v_misc_31, v_misc_2,
          hangedman_vaults_unwind, v_misc_25, v_misc_1,
          vaults_dpeg_encased_lava, grunt_vaults_funnel, vaults_dpeg_spiral,
          vaults_room_hangedman_quadrants, layout_vaults_omnibox, serial_shops,
          shop, shop, nicolae_shop_statue_plus, shop
Vaults:3: ontoclasm_vaults_loading_screen, vaults_room_octagon,
          nicolae_vaults_twisting_passages, hangedman_vaults_river_flow,
          v_rooms_6, ontoclasm_vaults_gallery, nicolae_vaults_network_s,
          v_misc_1, vaults_dpeg_doors, dpeg_vaults_monster_box,
          layout_vaults_maze_snakey
Vaults:4: ploomutoo_gammafunk_vaults_ghost_potion_laboratory,
          nicolae_vaults_quadrants, v_misc_22, nicolae_vaults_network_star,
          ontoclasm_vaults_twist, serial_ice_h, vaults_room_fours,
          ontoclasm_vaults_fault, layout_vaults_chaotic_city,
          nicolae_trove_entry_crystal
Vaults:5
Depths:1: layout_cave_shapes, chequers_serial_rivers_micro_e, hell_entry,
          minmay_variable_closet, minmay_holes, kennysheep_generic_room_8,
          minmay_shop_star, uniq_bai_suzhen
Depths:2: gammafunk_mikee_crab_dinner, layout_long_grid, hell_entry,
          minmay_staircase_statues_hall_small
Depths:3: minmay_two_paths, layout_gridlike, infiniplex_staircase_river,
          grunt_hell_horde, grunt_pan_entry_sceptre, marbit_kobold_abyss_entry,
          serial_shops, kennysheep_little_box, kennysheep_inner_square,
          uniq_asterion
Depths:4: minmay_octagon_keep, layout_cave_pools, enter_ziggurat_a,
          minmay_staircase_windowed_small, pan_entry, abyss_entry, hellmouth_1,
          serial_shops, nicolae_shop_crystal
Depths:5: evilmike_zot_entry_diamond, layout_small_grid, hell_entry,
          special_room [special_room_morgue], corexii_corridor_pit,
          minmay_shoptagon
Zot:1:    layout_onion, ebering_ghost_xom
Zot:2:    layout_concentric_octagons
Zot:3:    layout_basic
Zot:4:    layout_gridville
Zot:5:    layout_basic, gammafunk_ghost_split

Skill      XL: |  1  2  3  4  5  6  7  8  9 10 11 12 13 14 15 16 17 18 19 20 21 22 23 24 25 26 27 |
---------------+----------------------------------------------------------------------------------+-----
Bows           | 1 2 3 4 5 7 9 11 12 14 15 16 17 18 20 21 22 23 24 25 26 27 | 27.0
Shields        | 1 2 3 4 6 7 8 9 10 11 12 13 14 15 16 17 18 19 21 | 21.8
Dodging        | 1 2 3 5 6 7 9 10 11 12 13 14 15 16 17 18 19 20 23 | 23.3
Fighting       | 2 3 4 5 6 8 9 10 11 12 13 14 15 16 17 18 19 20 23 | 23.6
Stealth        | 7 11 19 | 19.4
Evocations     | 9 |  9.0
Spellcasting   | |  1.2

Action                   |  1- 3 |  4- 6 |  7- 9 | 10-12 | 13-15 | 16-18 | 19-21 | 22-24 | 25-27 || total
-------------------------+-------+-------+-------+-------+-------+-------+-------+-------+-------++-------
 Fire: Longbow           |    49 |    74 |   218 |   267 |   460 |  1162 |   813 |   315 |  1828 ||  5186
  Use: Scroll            |     6 |     1 |     3 |     4 |    11 |    17 |     5 |     2 |    16 ||    65
       Potion            |       |       |     2 |       |     1 |     7 |     1 |     3 |     7 ||    21
  Eat: Chunk             |       |     2 |     4 |     8 |    13 |    21 |     6 |     5 |    32 ||    91
       Ration            |       |       |     1 |       |     1 |     1 |     3 |       |     2 ||     8
Armor: Skin              |     4 |     9 |     9 |     4 |     5 |     6 |     4 |     5 |    52 ||    98
Dodge: Dodged            |     2 |    13 |    14 |    16 |    25 |    75 |    39 |    16 |   131 ||   331
Block: Scutum            |    10 |    19 |    39 |    49 |    91 |   266 |    87 |    35 |   346 ||   942
